 Dungeon Crawl Stone Soup version 0.22.1-2-g9c5b331383 (webtiles) character file.

2577 Ge0ff the Caller (level 9, 0/79 HPs)
             Began as an Ogre Summoner on Dec 3, 2018.
             Was a Follower of Hepliaklqana.
             Killed from afar by an electric eel (8 damage)
             ... with a bolt of electricity
             ... on level 7 of the Dungeon.
             The game lasted 00:31:17 (11149 turns).

Ge0ff the Caller (Ogre Summoner)                   Turns: 11149, Time: 00:31:18

Health: 0/79       AC:  4    Str: 14    XL:     9   Next: 57%
Magic:  12/18      EV: 10    Int: 19    God:    Hepliaklqana [*.....]
Gold:   161        SH:  6    Dex:  9    Spells: 8/21 levels left

rFire    + . .     SeeInvis .     - Unarmed
rCold    . . .     Gourm    .   (no shield)
rNeg     . . .     Faith    .   a - +1 robe
rPois    .         Spirit   .   (helmet restricted)
rElec    .         Reflect  +   Z - scarf {cloud immunity}
rCorr    .         Harm     .   (gloves unavailable)
MR       .....                  (boots unavailable)
Stlth    +.........             U - +6 amulet of reflection
HPRegen  0.23/turn              O - ring of protection from fire
MPRegen  0.16/turn              (no ring)

@: no status effects
A: large, unfitting armour, reduced essence, tough skin 1
a: Recall Ancestor, Ancestor Identity, Renounce Religion


You were on level 7 of the Dungeon.
You worshipped Hepliaklqana.
Hepliaklqana was aware of your devotion.
You were not hungry.

You visited 2 branches of the dungeon, and saw 8 of its levels.

You collected 337 gold pieces.
You spent 176 gold pieces at shops.

Inventory:

Missiles
 h - 218 stones
 Q - 3 tomahawks (quivered)
 R - a tomahawk of returning
 W - 8 javelins
Armour
 a - a +1 robe (worn)
 S - a cursed +0 shield
 Z - a scarf of cloud immunity (worn)
Jewellery
 O - a ring of protection from fire (left hand)
 U - a +6 amulet of reflection (around neck)
Wands
 V - a wand of clouds (3)
Scrolls
 m - a scroll of immolation
 B - a scroll of blinking
 C - 6 scrolls of remove curse
 F - a scroll of fog
 H - a scroll of fear
 T - 3 scrolls of teleportation
Potions
 l - 2 potions of cancellation {!q}
 o - a potion of lignification
 q - 2 potions of curing
 D - a potion of magic {unknown}
 L - a potion of flight {unknown}
 M - a potion of agility {unknown}
 P - 2 potions of mutation {!q}
 X - a potion of might
 Y - 2 potions of heal wounds {!q}
Comestibles
 f - 12 rations
 N - a chunk of flesh


   Skills:
 - Level 5.0 Fighting
 + Level 2.7 Dodging
 - Level 1.4 Stealth
 + Level 2.9 Unarmed Combat
 + Level 6.5 Spellcasting
 + Level 6.7 Summonings
 + Level 4.1 Ice Magic
 + Level 5.3 Air Magic


You had 8 spell levels left.
You knew the following spells:

 Your Spells              Type           Power        Failure   Level  Hunger
b - Summon Ice Beast      Ice/Summ       ####....     12%         4    ####...
c - Call Canine Familiar  Summ           ####....     1%          3    ##.....
l - Summon Lightning Spi  Summ/Air       ####....     9%          4    ####...
s - Call Imp              Summ           ####....     1%          2    None

Your spell library contained the following spells:

 Spells                   Type           Power        Failure   Level  Hunger
 Summon Small Mammal      Summ           ####         1%          1    None
 Summon Guardian Golem    Hex/Summ       ###.....     9%          3    ##.....


Dungeon Overview and Level Annotations

Branches:
Dungeon (7/15)             Temple (1/1) D:6

Altars:
Ashenzari
Cheibriados
Dithmenos
Elyvilon
Fedhas
Gozag
Hepliaklqana
Kikubaaqudgha
Makhleb
Nemelex Xobeh
Okawaru
Qazlal
Ru
Sif Muna
Trog
Uskayaw
Vehumet
Wu Jian
Xom
Yredelemnul
Zin
The Shining One

Shops:
D:4 *


Innate Abilities, Weirdness & Mutations

You are too large for most types of armour.
You have tough skin. (AC +1)
Your life essence is reduced to manifest your ancestor. (-10% HP)


Message History

The bolt of electricity hits you!
* * * LOW HITPOINT WARNING * * *
You swap places.
Your white imp barely misses the electric eel.
The electric eel shoots out a bolt of lightning at you!
The bolt of electricity misses you. The bolt of electricity hits you!
* * * LOW HITPOINT WARNING * * *
The bolt of electricity hits the electric eel.
The electric eel completely resists.
Okay, then.
As you read the scroll of fear, it crumbles to dust.
You assume a fearsome visage.
Your white imp is unaffected. x2; Your crimson imp is unaffected.
The electric eel looks frightened!
Your white imp gestures at the electric eel.
The puff of frost hits the electric eel.
Your white imp's attack snaps the electric eel out of its fear.
The electric eel shoots out a bolt of lightning at you!
The bolt of electricity hits you!
You die...

##....# ###
####.#....##.#)#
##....#
##≈≈##..#......##.._.
.#..#.#
#.≈≈.#..#.#.....#.#.#
.#...##
#.≈≈.#((#...#.#......
.#....#
#.≈≈.#(.#...#........
.#....#
#.≈≈.#..#........#.#.
.#....#
#.≈≈.#..#.....#.##...
......#
#.≈;5#..#...#.#..#..#
...#.###
#.5≈@'..#...#....#..#
#......#
#.≈5.##)#...#....#...
#..#.##.#
#.≈≈.#..#.###..####.#
#.....# .#
#.≈≈.#8.#.###........
#.....# .
#.≈≈.##.#......'##.##
#.....#
#.≈≈.##.#..#.......#
#.....#
#.≈≈.##.#..#......##
#....##
#.≈≈.#(.#.........###
#...#.#
#8.###...)......


You could see an electric eel, a friendly crimson imp and 2 friendly white imps.

Vanquished Creatures
  A hippogriff (D:7)
  A big kobold (D:4)
  A killer bee (D:7)
  A howler monkey (D:7)
  A gnoll (D:2)
  A worm (D:2)
  2 leopard geckos
  An orc (D:3)
  A hobgoblin (D:3)
  11 kobolds
  2 bats (D:1)
  A frilled lizard (D:2)
  5 rats
29 creatures vanquished.

Vanquished Creatures (collateral kills)
  Prince Ribbit (D:6)
  A hippogriff (D:7)
  A shadow (D:7)
  Menkaure (D:6)
  A hungry ghost (D:7)
  Edmund (D:5)
  A water moccasin (D:6)
  A sky beast (D:7)
  An orc warrior (D:6)
  An ice beast (D:5)
  3 ogres
  2 black bears
  3 centaurs (D:7)
  A big kobold (D:5)
  2 bullfrogs
  A water moccasin zombie (D:7)
  2 scorpions
  3 killer bees (D:7)
  5 wights (D:7)
  4 howler monkeys (D:7)
  A centaur zombie (D:6)
  A bullfrog zombie (D:7)
  2 hounds
  A jelly (D:7)
  2 orc priests
  6 orc wizards
  Natasha (thrice) (D:2)
  2 iguanas
  A worker ant (D:7)
  A hound zombie (D:7)
  A hound skeleton (D:7)
  A worker ant zombie (D:5)
  A howler monkey zombie (D:6)
  A howler monkey skeleton (D:4)
  7 gnolls
  4 adders
  3 shadow imps
  An ooze (D:1)
  An adder zombie (D:7)
  3 worms
  3 dart slugs
  4 leopard geckos
  25 orcs
  5 giant cockroaches
  6 goblins
  8 hobgoblins
  2 quokkas
  8 bats
  2 frilled lizards
  19 kobolds
  A quokka skeleton (D:4)
  A rat (D:1)
163 creatures vanquished.

Vanquished Creatures (others)
  An orc wizard (D:5)
  7 ancestors
  A kobold (D:4)
9 creatures vanquished.

Grand Total: 201 creatures vanquished

Notes
Turn   | Place    | Note
-------+----------+-------------------------------------------
     0 | D:1      | Ge0ff the Ogre Summoner began the quest for the Orb.
     0 | D:1      | Reached XP level 1. HP: 16/16 MP: 3/3
   555 | D:1      | Reached XP level 2. HP: 24/24 MP: 1/5
   572 | D:1      | Learned a level 2 spell: Call Imp
  1411 | D:1      | Reached XP level 3. HP: 32/32 MP: 5/7
  1914 | D:2      | Reached skill level 1 in Fighting
  2031 | D:2      | Noticed Natasha
  2037 | D:2      | Killed Natasha
  2037 | D:2      | Reached XP level 4. HP: 14/41 MP: 3/8
  2807 | D:2      | Noticed Natasha
  2865 | D:2      | Killed Natasha
  3057 | D:2      | Learned a level 4 spell: Summon Lightning Spire
  3061 | D:2      | Learned a level 3 spell: Call Canine Familiar
  3519 | D:2      | Noticed Natasha
  3530 | D:2      | Killed Natasha
  3530 | D:2      | Reached skill level 1 in Air Magic
  3530 | D:2      | Reached XP level 5. HP: 26/48 MP: 2/10
  4741 | D:3      | Reached skill level 5 in Summonings
  5678 | D:4      | Found a sacrificial altar of Ru.
  5712 | D:4      | Reached XP level 6. HP: 51/55 MP: 1/12
  5721 | D:4      | Reached skill level 1 in Unarmed Combat
  5831 | D:4      | Found Faprer's Assorted Antiques.
  5839 | D:4      | Bought a runed scarf for 176 gold pieces
  6839 | D:5      | Entered Level 5 of the Dungeon
  6878 | D:5      | Noticed an ice beast
  6896 | D:5      | Killed an ice beast
  6999 | D:5      | Reached XP level 7. HP: 35/65 MP: 0/13
  7526 | D:5      | Got a twisted long sword {!w}
  7576 | D:5      | Learned a level 4 spell: Summon Ice Beast
  7744 | D:5      | Noticed Edmund
  7772 | D:5      | Killed Edmund
  8308 | D:6      | Noticed Menkaure
  8323 | D:6      | Killed Menkaure
  8516 | D:6      | Found a staircase to the Ecumenical Temple.
  8527 | D:6      | Reached skill level 5 in Spellcasting
  8531 | Temple   | Entered the Ecumenical Temple
  8584 | Temple   | Became a worshipper of Hepliaklqana the Forgotten
  8684 | D:6      | Noticed Prince Ribbit
  8700 | D:6      | Killed Prince Ribbit
  8700 | D:6      | Reached skill level 1 in Ice Magic
  8700 | D:6      | Reached XP level 8. HP: 70/70 MP: 7/15
  9471 | D:7      | Found a hide-covered altar of Uskayaw.
  9574 | D:7      | Noticed a hippogriff
  9590 | D:7      | Killed a hippogriff
 10116 | D:7      | Reached * piety under Hepliaklqana
 10127 | D:7      | Reached XP level 9. HP: 76/78 MP: 17/17
 10148 | D:7      | Reached skill level 5 in Fighting
 10257 | D:7      | Reached skill level 5 in Air Magic
 10910 | D:7      | Found a glowing golden altar of the Shining One.
 11149 | D:7      | Killed from afar by an electric eel

Skill      XL: |  1  2  3  4  5  6  7  8  9 |
---------------+----------------------------+-----
Summonings     | 4 5 6 |  6.7
Spellcasting   | 3 4 5 6 |  6.5
Fighting       | 1 2 3 4 5 |  5.0
Air Magic      | 1 2 4 5 |  5.3
Unarmed Combat | 1 2 |  2.9
Ice Magic      | 1 3 4 |  4.1
Dodging        | 2 |  2.7
Stealth        | |  1.4

Action                   |  1- 3 |  4- 6 |  7- 9 || total
-------------------------+-------+-------+-------++-------
Melee: Unarmed           |    85 |   206 |   111 ||   402
       Punch             |       |     1 |     2 ||     3
Throw: Stone             |    14 |    30 |       ||    44
       Tomahawk          |       |     8 |    20 ||    28
 Cast: Summon Small Mamm |    51 |       |       ||    51
       Call Imp          |     4 |    85 |    46 ||   135
       Call Canine Famil |       |     7 |    14 ||    21
       Summon Lightning  |       |     2 |    18 ||    20
Invok: Ancestor Identity |       |       |     1 ||     1
Evoke: Wand              |       |       |     1 ||     1
  Use: Scroll            |       |     7 |    10 ||    17
       Potion            |       |     2 |       ||     2
 Stab: Distracted        |     1 |     2 |     2 ||     5
       Sleeping          |     1 |       |     1 ||     2
       Confused          |       |       |     1 ||     1
  Eat: Ration            |     1 |     1 |     1 ||     3
       Chunk             |       |    17 |    14 ||    31
Armor: Robe              |    35 |    59 |    16 ||   110
Dodge: Dodged            |    60 |   137 |    41 ||   238
Block: Other             |       |    48 |    25 ||    73
       Reflection        |       |     5 |     3 ||     8

Vault maps used:
D:1:      ncdulo_smallfort
D:2:      serial_co_window_serial, co_window_cross_1, co_window_paths_b,
          co_window_paths_a, co_window_of_opportunity_a, co_window_paths_a,
          co_window_broadway_c, co_window_unsneaky_path_c,
          co_window_unsneaky_path_c, co_window_paths_e, glass_columns_c,
          glass_columns_a, glass_columns_a, glass_columns_a, bh_walls_and_bars,
          uniq_natasha
D:3:      cheibrodos_pilgrimage, grunt_ministairs_1
D:4:      kennysheep_kobold_camp, first_ration, serial_shops,
          nicolae_shop_stone, nicolae_ru_sacrificial_ziggurat
D:5:      uniq_edmund
D:6:      minmay_temple_entry_hall, uniq_prince_ribbit1, uniq_menkaure
D:7:      wad_river_or_something, lemuel_crystal_altar, basic_altar
Temple:   compressed_dpeg_triangle_lava_temple
